 Dungeon Crawl Stone Soup version 0.26.1-11-gd32895ea62 (webtiles) character file.

Game seed: 18343870452974721544

434708 KapersCrawl the Spry (level 23, 0/187 HPs)
             Began as a Gnoll Wanderer on Apr 16, 2021.
             Was a High Priest of Trog.
             Slain by an acid blob (24 damage)
             ... on level 5 of the Pits of Slime on Apr 23, 2021.
             The game lasted 03:42:04 (88561 turns).

KapersCrawl the Spry (Gnoll Wanderer)              Turns: 88561, Time: 03:42:04

Health: 0/187      AC: 31    Str: 12    XL:     23   Next: 99%
Magic:  37/38      EV: 18    Int: 17    God:    Trog [*****.]
Gold:   5643       SH: 17    Dex: 30    Spells: 52/52 levels left

rFire    + + .     SeeInvis +   a - +7 broad axe
rCold    + + +     Faith    +   N - +2 kite shield
rNeg     + . .     Spirit   .   S - +8 chain mail "Omaoca" {Dex+8 SInv}
rPois    .         Reflect  .   Z - +2 helmet of Cooschojo {rF++}
rElec    +         Harm     .   I - +2 cloak {Will+}
rCorr    +         Rampage  +   w - +2 pair of gloves
Will     +++..     Clarity  +   C - +1 pair of boots {rampage}
Stlth    ++++......             Q - amulet of faith
HPRegen  0.41/turn              y - ring of resist corrosion
MPRegen  0.26/turn              g - ring of Yforr {+Blink rElec rC+++ rN+ Str-5}

@: about to teleport, corroded, studying Dodging
A: distributed training, fangs 1, hooves 2, clarity, clever 1, low mp 1,
strong-willed 1, MP-powered wands, strong nose
}: 2/15 runes: barnacled, gossamer
a: Renounce Religion, Evoke Blink, Berserk, Trog's Hand, Brothers in Arms


You were on level 5 of the Pits of Slime.
You worshipped Trog.
Trog was extremely pleased with you.
You visited 9 branches of the dungeon, and saw 45 of its levels.
You visited the Abyss 1 time.
You also visited: Ossuary and Volcano.

You collected 8277 gold pieces.
You spent 2634 gold pieces at shops.

Inventory:

Hand Weapons
 a - a +7 broad axe (weapon)
 b - the +8 whip "Snakebite" {curare, rPois}
   (You found it on level 4 of the Lair of Beasts)

   It poisons the flesh of those it strikes.
   It protects you from poison.
 c - a +5 demon whip of flaming
Missiles
 j - 66 javelins (quivered)
Armour
 w - a +2 pair of gloves (worn)
 C - a +1 pair of boots of rampaging (worn)
 I - a +2 cloak of willpower (worn)
 N - a +2 kite shield (worn)
 S - the +8 chain mail "Omaoca" (worn) {Dex+8 SInv}
   (You found it on level 9 of the Dungeon)

   It affects your dexterity (+8).
   It lets you see invisible.
 Z - the +2 helmet of Cooschojo (worn) {rF++}
   (You found it on level 14 of the Dungeon)

   It greatly protects you from fire.
Jewellery
 g - the ring of Yforr (right hand) {+Blink rElec rC+++ rN+ Str-5}
   (You found it on level 3 of the Crypt)

   [ring of positive energy]

   It affects your strength (-5).
   It renders you almost immune to cold.
   It insulates you from electricity.
   It protects you from negative energy.
   It lets you blink.
 o - the ring of Suicidal Tendencies {rPois rC+ Str+4 Dex+5 Stlth+}
   (You found it on level 3 of the Crypt)

   [ring of stealth]

   It affects your strength (+4).
   It affects your dexterity (+5).
   It protects you from cold.
   It protects you from poison.
   It makes you more stealthy.
 y - a ring of resist corrosion (left hand)
 Q - an amulet of faith (around neck)
Wands
 r - a wand of polymorph (39)
 s - a wand of digging (6)
 D - a wand of paralysis (16)
 F - a wand of random effects (72)
 K - a wand of iceblast (42)
 M - a wand of acid (18)
 O - a wand of flame (53)
Scrolls
 d - a scroll of torment
 k - 2 scrolls of vulnerability
 p - 11 scrolls of fear
 q - 13 scrolls of teleportation
 u - 24 scrolls of remove curse
 A - 3 scrolls of holy word
 E - 7 scrolls of immolation
 G - 6 scrolls of fog
 H - 4 scrolls of silence
 T - 2 scrolls of summoning
 U - 5 scrolls of blinking
 X - 2 scrolls of magic mapping
Potions
 f - 7 potions of resistance
 h - 18 potions of curing
 l - a potion of ambrosia
 m - 3 potions of invisibility
 n - 4 potions of cancellation
 t - 8 potions of lignification
 v - 6 potions of berserk rage
 x - 3 potions of attraction
 J - 3 potions of haste
 P - 5 potions of mutation
 R - 3 potions of might
 V - 4 potions of flight
 W - 8 potions of heal wounds
Books
 e - a manual of Dodging
Miscellaneous
 i - a box of beasts
 z - a phial of floods (inert)
 L - a tin of tremorstones (1/2)
 Y - a phantom mirror


   Skills:
 + Level 17.1 Fighting
 + Level 15.4 Short Blades
 + Level 15.6 Long Blades
 + Level 15.6 Axes
 + Level 15.4 Maces & Flails
 + Level 15.4 Polearms
 + Level 15.4 Staves
 + Level 15.4 Slings
 + Level 15.4 Bows
 + Level 15.4 Crossbows
 + Level 15.4 Throwing
 + Level 15.4 Armour
 + Level 17.3 Dodging
 + Level 15.9 Stealth
 + Level 15.4 Shields
 + Level 15.4 Unarmed Combat
 + Level 15.4 Spellcasting
 + Level 13.3 Conjurations
 + Level 13.3 Hexes
 + Level 13.3 Summonings
 + Level 13.3 Necromancy
 + Level 13.3 Translocations
 + Level 13.3 Transmutations
 + Level 13.3 Fire Magic
 + Level 13.3 Ice Magic
 + Level 13.3 Air Magic
 + Level 13.3 Earth Magic
 + Level 13.3 Poison Magic
 + Level 16.6 Invocations
 + Level 15.6 Evocations


You had 52 spell levels left.
You didn't know any spells.
Your spell library was empty.

Dungeon Overview and Level Annotations

Branches:
Dungeon (15/15)            Temple (0/1) D:6            Lair (6/6) D:11
 Shoals (4/4) Lair:3       Spider (4/4) Lair:4        Slime (5/5) Lair:6
    Orc (2/2) D:11            Elf (3/3) Orc:2        Vaults (3/5) D:14
  Crypt (3/3) Vaults:3       Tomb (0/3) Crypt:3      Depths (0/5) D:15
Ossuary (visited)         Volcano (visited)

Altars:
Ashenzari
Fedhas
Gozag
Hepliaklqana
Kikubaaqudgha
Makhleb
Nemelex Xobeh
Okawaru
Ru
Trog
Vehumet
Xom
Yredelemnul
Zin
Beogh

Shops:
D:3 *   D:8 *   D:9 [   Orc:2 *}:}!   Elf:2 :   Elf:3 ?=:   Vaults:1 [
Vaults:2 =   Vaults:3 [

Annotations:
D:2 exclusion: downstairs
D:13 3 runed translucent doors, Cykl0x's ghost, journeyman MiFi
Shoals:3 1 runed translucent door, Ididwo's ghost, adept DsWn
Spider:3 3 runed translucent doors, Detar's ghost, adept HOFi
Vaults:1 Saint Roka
Vaults:2 exclusion: 2 downstairs
Crypt:3 exclusion: curse skull


Innate Abilities, Weirdness & Mutations

Your experience applies equally to all skills.
You have very sharp teeth.
Your uncanny sense of smell can sniff out nearby items.
You have hoof-like feet.
You possess an exceptional clarity of mind.
Your mind is acute. (Int +2)
Your magical capacity is low. (-10% MP)
You are strong-willed. (Will+)
You expend magic power (3 MP) to strengthen your wands.


Message History

The splash of acid hits you but does no damage.
The acid corrodes you!
You are splashed with acid.
You resist.
* * * LOW HITPOINT WARNING * * *
Unknown command.
Okay, then.
As you read the scroll of teleportation, it crumbles to dust.
You feel strangely unstable.
Two slime creatures merge to form a large slime creature.
The acid blob spits acid at you. The splash of acid misses you.
Unknown command.
You feel much better.
The acid blob hits you but does no damage.
Two slime creatures merge to form a very large slime creature.
The acid blob spits acid at you.
The splash of acid hits you but does no damage.
You are splashed with acid!
You resist.
* * * LOW HITPOINT WARNING * * *
A large slime creature splits.
The acid blob hits you!!
You die...

..#..................###
######.................#
.# ∆###.................
.#∆/!##.................
.##$|$##................
..))φ)(###..............
...)}=[# #.....JJJ.J....
..).?[## #.....JJJ......
J....## #.......@J...J..
G..G....##..............
......#.................
....J## ##..............
..".$"# #..............
...!|$$# ...............
..$=$"$# #..............
...............


You could see 2 acid blobs, a very large slime creature and 6 slime creatures.

Vanquished Creatures
  the Royal Jelly (Slime:5)
  Sojobo (Crypt:2)
  Boris (Vaults:3)
  Frederick (Vaults:3)
  A profane servitor (Crypt:2)
  A bone dragon (Crypt:3)
  3 liches
  A quicksilver dragon (shapeshifter) (Vaults:1)
  Asterion (Spider:4)
  10 acid blobs
  4 ancient champions
  A sphinx (Vaults:1)
  Ilsuiw (Shoals:4)
  A fire giant (Vaults:3)
  5 azure jellies
  9 deep elf sorcerers
  5 vault wardens
  Aizul (Shoals:2)
  4 ghost moths
  A curse skull (Crypt:2)
  3 emperor scorpions
  4 ironheart preservers
  Louise (Shoals:3)
  3 deep elf elementalists
  A war gargoyle (Crypt:3)
  3 very ugly things (Vaults:3)
  2 ghouls (Crypt:2)
  3 stone giants
  2 deep elf demonologists (Elf:3)
  2 vampire knights
  A caustic shrike skeleton (Crypt:1)
  7 deep elf annihilators
  6 entropy weavers
  4 spark wasps
  10 merfolk javelineers
  2 pearl dragon zombies (Crypt:2)
  2 death oozes (Slime:5)
  9 deep elf death magi
  3 eidola (Crypt:2)
  4 fire dragons
  A quicksilver dragon zombie (Crypt:1)
  6 jiangshi
  3 yaktaur captains
  Erolcha (D:13)
  9 merfolk impalers
  2 great orbs of eyes
  6 deep elf high priests
  Fannar (D:12)
  2 ice dragons (Vaults:2)
  14 vault guards
  2 rakshasas
  3 boulder beetles
  3 hydras
  4 death knights
  16 death yaks
  2 merfolk avatars (Shoals:1)
  Erica (D:10)
  A catoblepas (Lair:6)
  5 merfolk aquamancers
  4 satyrs
  3 alligator snapping turtles
  6 centaur warriors
  11 two-headed ogres
  4 ogre magi
  A titan zombie (Crypt:1)
  A tengu warrior (D:14)
  27 dancing weapons
  2 orc high priests (Orc:2)
  5 vampire magi (Crypt:1)
  2 hell hogs (Crypt:2)
  Urug (Orc:1)
  22 deep elf knights
  4 hell knights (Crypt:3)
  A titan skeleton (Crypt:1)
  4 unseen horrors
  6 wizards
  31 skeletal warriors
  13 sea snakes
  A flayed ghost (Crypt:2)
  16 deep elf archers
  A glowing orange brain (shapeshifter) (Vaults:3)
  23 harpies
  9 ironbrand convokers
  A glowing orange brain (Slime:5)
  A wolf spider zombie (D:14)
  Pikel (D:5)
  3 large abominations
  2 necromancers
  17 orb spiders
  A lindwurm (Volcano)
  5 phantasmal warriors
  54 deep elf magi
  A shining eye (shapeshifter) (D:15)
  2 fire giant zombies
  46 ugly things
  18 fauns
  2 shining eyes
  A shadow dragon skeleton (Crypt:3)
  8 cyclopes
  19 orc knights
  18 manticores
  6 orc sorcerers
  A sphinx skeleton (Vaults:1)
  A shock serpent zombie (Crypt:1)
  5 oklob plants
  2 frost giant skeletons (Crypt:3)
  2 stone giant skeletons
  3 moths of wrath (Spider:4)
  16 wolf spiders
  7 black mambas
  5 vault sentinels
  4 apis skeletons (Crypt:2)
  2 guardian serpents (D:12)
  12 merfolk sirens
  13 elephants
  2 molten gargoyles (Volcano)
  A shock serpent skeleton (Crypt:2)
  3 torpor snails
  12 cane toads
  An eye of devastation (Slime:2)
  7 smoke demons (Crypt:3)
  5 gargoyles
  Maggie (D:7)
  6 water nymphs
  7 rime drakes
  A yaktaur zombie (Vaults:1)
  A rime drake (shapeshifter) (Vaults:2)
  10 yaktaurs
  An efreet (D:13)
  3 guardian mummies (Crypt:3)
  5 demonic crawlers
  A komodo dragon (shapeshifter) (Elf:3)
  2 dire elephant skeletons
  A kobold demonologist (D:15)
  8 komodo dragons
  An alligator snapping turtle skeleton (Crypt:2)
  2 tengu conjurers (D:14)
  6 red devils (Crypt:3)
  4 freezing wraiths
  A polar bear (shapeshifter) (Vaults:1)
  2 catoblepas skeletons
  20 jumping spiders
  4 trolls
  25 merfolk
  5 wind drakes
  A grey draconian skeleton (Crypt:1)
  17 polar bears
  A meliai (shapeshifter) (Elf:1)
  A shadow dragon simulacrum (Vaults:3)
  A hydra skeleton (Crypt:3)
  9 hornets
  6 dream sheep
  73 slime creatures
  9 blink frogs
  2 raiju (Lair:6)
  A meliai zombie (D:12)
  10 snapping turtles
  A stone giant simulacrum (Vaults:2)
  4 air elementals
  A frost giant simulacrum (Vaults:2)
  Sigmund (D:3)
  A vampire (D:15)
  5 flying skulls (Crypt:1)
  5 wyverns
  2 ettin skeletons
  A yak (shapeshifter) (Vaults:2)
  11 wraiths
  2 fire dragon skeletons
  40 tarantellas
  15 water elementals
  6 shadows
  78 redbacks
  A fire bat (Volcano)
  74 yaks
  A golden eye (shapeshifter) (Vaults:1)
  A black mamba skeleton (Crypt:2)
  5 fire elementals
  4 basilisks
  2 steam dragons
  Edmund (D:6)
  A steam dragon (shapeshifter) (D:15)
  4 vampire mosquitoes (D:13)
  7 wargs
  A naga (shapeshifter) (D:13)
  A water moccasin (shapeshifter) (Elf:2)
  25 water moccasins
  3 acid dragons
  19 hell hounds
  13 black bears
  37 orc warriors
  2 sky beasts
  A hornet zombie (D:14)
  12 ogres
  3 eyes of draining
  6 ice beasts
  A swamp dragon skeleton (Crypt:3)
  4 necrophages
  7 boggarts (Vaults:2)
  A wolf (shapeshifter) (Vaults:1)
  2 phantoms
  A swamp dragon zombie (Crypt:2)
  39 wolves
  A hog zombie (Crypt:1)
  24 centaurs
  4 lemures
  A snapping turtle skeleton (Crypt:3)
  2 elf zombies (Ossuary)
  20 bullfrogs
  A wyvern zombie (Crypt:2)
  An earth elemental (Elf:1)
  2 human skeletons
  A queen bee zombie (Crypt:1)
  3 scorpions
  4 small abominations (D:10)
  2 wyvern skeletons
  A water moccasin skeleton (D:6)
  5 killer bees (D:9)
  11 howler monkeys
  18 wights
  5 centaur zombies
  5 lava snakes (Volcano)
  2 human zombies
  2 jellies
  13 centaur skeletons
  A gnoll shaman (D:8)
  2 human simulacra
  17 orc priests
  6 hounds
  30 orc wizards
  3 bullfrog skeletons
  3 iguanas
  11 worker ants
  A sky beast zombie (Crypt:1)
  A centaur simulacrum (D:8)
  A naga skeleton (Crypt:2)
  A tengu skeleton (Crypt:3)
  A hound zombie (Ossuary)
  A hound skeleton (D:4)
  A killer bee simulacrum (D:8)
  6 mummies
  3 worker ant zombies
  Robin (D:3)
  22 adders
  13 gnolls
  A swamp drake zombie (Crypt:2)
  A shadow imp (D:10)
  8 white imps
  A worker ant simulacrum (D:8)
  9 ufetubi
  An ooze (D:2)
  4 adder zombies (Ossuary)
  A halfling skeleton (Crypt:2)
  2 worms
  A barachi skeleton (Crypt:2)
  4 dart slugs
  8 leopard geckos
  85 orcs
  8 giant cockroaches
  15 goblins
  10 hobgoblins
  13 jackals
  17 kobolds
  2 quokkas (D:2)
  A ball python (D:5)
  4 bats
  11 frilled lizards
  A frilled lizard zombie (Crypt:1)
  3 gnoll zombies (Ossuary)
  5 goblin zombies
  6 hobgoblin zombies (Ossuary)
  2 jackal zombies (Ossuary)
  3 kobold zombies (Ossuary)
  A quokka skeleton (Crypt:2)
  4 quokka zombies (Ossuary)
  13 rats
  2 rat zombies (Ossuary)
  2 tentacles (Shoals:2)
1917 creatures vanquished.

Vanquished Creatures (collateral kills)
  An ancient lich (Crypt:3)
  Boris (Crypt:2)
  Arachne (Spider:3)
  The ghost of destino the Spry, an adept MfTm of Uskayaw (Elf:3)
  2 acid blobs
  2 sphinxes (Crypt:3)
  2 tengu reavers (Crypt:2)
  Kirke (Lair:4)
  An azure jelly (Slime:5)
  Donald (Orc:1)
  2 deep elf sorcerers (Elf:3)
  A curse skull (Crypt:1)
  2 war gargoyles (Crypt:3)
  A deep elf annihilator (Elf:3)
  An entropy weaver (Spider:2)
  3 deep elf demonologists (Elf:3)
  An eidolon (Crypt:1)
  A deep elf death mage (Elf:3)
  A mummy priest (Crypt:3)
  A death ooze (Slime:5)
  A merfolk impaler (Shoals:2)
  3 deep elf high priests (Elf:3)
  A two-headed ogre (D:10)
  A merfolk aquamancer (Shoals:4)
  An orc high priest (Orc:1)
  A death yak (D:9)
  A deep elf knight (Elf:3)
  An orc sorcerer (Orc:1)
  A shining eye (Slime:4)
  8 ugly things
  2 manticores (Shoals:4)
  A dire elephant skeleton (Crypt:3)
  A red draconian skeleton (Crypt:3)
  A demonic crawler (Spider:3)
  5 merfolk
  2 jumping spiders (Spider:2)
  A snapping turtle (Shoals:4)
  An ice dragon skeleton (Crypt:3)
  5 redbacks
  A tarantella (Spider:2)
  3 large abominations (D:10)
  2 hogs (Lair:4)
  An orc warrior (Orc:1)
  An ogre (Orc:1)
  3 small abominations (D:10)
  A swamp dragon skeleton (Crypt:3)
  2 jellies (Slime:4)
  A mummy (Crypt:3)
  2 orcs (Orc:1)
82 creatures vanquished.

Vanquished Creatures (others)
  A hell hog (Crypt:2)
  A deep elf mage (Elf:1)
  A deep elf archer (Elf:1)
  A water elemental (Shoals:2)
  An earth elemental (Elf:2)
  A gnoll (D:9)
  25 fungi
  169 plants
  3 tentacles (Shoals:2)
  4 withered plants (Crypt:3)
207 creatures vanquished.

Grand Total: 2206 creatures vanquished

Notes
Turn   | Place    | Note
-------+----------+-------------------------------------------
     0 | D:1      | KapersCrawl the Gnoll Wanderer began the quest for the Orb.
     0 | D:1      | KapersCrawl set off with the following items: a +2
                  | falchion, 2 potions of lignification, a +0 robe, a +0
                  | dagger
     0 | D:1      | Reached XP level 1. HP: 26/26 MP: 1/1
   295 | D:1      | Reached XP level 2. HP: 32/33 MP: 2/2
   686 | D:1      | Reached XP level 3. HP: 34/38 MP: 3/3
  1098 | D:2      | Reached skill level 1 in Invocations
  1158 | D:2      | Found a hazy altar of Hepliaklqana.
  1159 | D:2      | Found a bloodstained altar of Trog.
  1166 | D:2      | Became a worshipper of Trog the Wrathful
  1344 | D:2      | Reached skill level 1 in Short Blades
  1344 | D:2      | Reached skill level 1 in Maces & Flails
  1344 | D:2      | Reached skill level 1 in Polearms
  1344 | D:2      | Reached skill level 1 in Staves
  1344 | D:2      | Reached skill level 1 in Slings
  1344 | D:2      | Reached skill level 1 in Bows
  1344 | D:2      | Reached skill level 1 in Crossbows
  1344 | D:2      | Reached skill level 1 in Throwing
  1344 | D:2      | Reached skill level 1 in Armour
  1344 | D:2      | Reached skill level 1 in Shields
  1344 | D:2      | Reached skill level 1 in Unarmed Combat
  1344 | D:2      | Reached skill level 1 in Spellcasting
  1344 | D:2      | Reached XP level 4. HP: 42/45 MP: 5/5
  1972 | D:2      | Reached skill level 1 in Conjurations
  1972 | D:2      | Reached skill level 1 in Hexes
  1972 | D:2      | Reached skill level 1 in Summonings
  1972 | D:2      | Reached skill level 1 in Necromancy
  1972 | D:2      | Reached skill level 1 in Translocations
  1972 | D:2      | Reached skill level 1 in Transmutations
  1972 | D:2      | Reached skill level 1 in Fire Magic
  1972 | D:2      | Reached skill level 1 in Ice Magic
  1972 | D:2      | Reached skill level 1 in Air Magic
  1972 | D:2      | Reached skill level 1 in Earth Magic
  1972 | D:2      | Reached skill level 1 in Poison Magic
  2248 | D:3      | Reached XP level 5. HP: 43/51 MP: 7/7
  2587 | D:3      | Reached XP level 6. HP: 57/57 MP: 8/8
  2767 | D:3      | Reached * piety under Trog
  2785 | D:3      | Found Zin's Purification Station.
  2788 | D:3      | Found a glowing silver altar of Zin.
  3018 | D:3      | Found a broken altar of Ashenzari.
  3247 | D:3      | Noticed Robin
  3249 | D:3      | Noticed Sigmund
  3633 | D:3      | Killed Robin
  3745 | D:3      | Killed Sigmund
  3746 | D:3      | Reached XP level 7. HP: 63/63 MP: 10/10
  4569 | D:4      | Reached skill level 5 in Stealth
  4894 | D:5      | Entered Level 5 of the Dungeon
  4945 | D:5      | Reached XP level 8. HP: 62/71 MP: 12/12
  5417 | D:5      | Noticed Pikel
  5425 | D:5      | Killed Pikel
  5531 | D:5      | Reached ** piety under Trog
  5699 | D:5      | Found a burning altar of Makhleb.
  6021 | D:5      | Reached XP level 9. HP: 77/77 MP: 14/14
  6058 | D:5      | Got a faintly humming chain mail
  6069 | D:5      | Identified the +3 chain mail of Action {rC+} (You found it
                  | on level 5 of the Dungeon)
  6242 | D:6      | Found an opulent altar of Gozag.
  6361 | D:6      | Noticed Edmund
  6378 | D:6      | Killed Edmund
  6457 | D:6      | Found a staircase to the Ecumenical Temple.
  6515 | D:6      | Reached skill level 5 in Long Blades
  6515 | D:6      | Reached skill level 5 in Axes
  6515 | D:6      | Reached skill level 5 in Dodging
  6515 | D:6      | Reached skill level 5 in Evocations
  6582 | D:6      | Found a sand-covered staircase.
  6633 | Ossuary  | Entered an ossuary
  6672 | Ossuary  | Reached *** piety under Trog
  7068 | D:6      | Found a sparkling altar of Nemelex Xobeh.
  7177 | D:6      | Found an iron altar of Okawaru.
  7572 | D:7      | Reached skill level 5 in Invocations
  7734 | D:7      | Reached **** piety under Trog
  7785 | D:7      | Found a sacrificial altar of Ru.
  7798 | D:7      | Found a blossoming altar of Fedhas.
  7923 | D:7      | Reached XP level 10. HP: 72/85 MP: 17/17
  7928 | D:7      | Noticed Maggie
  7950 | D:7      | Killed Maggie
  8269 | D:8      | Found Lufoiv Untug's General Store.
  8275 | D:8      | Reached skill level 5 in Short Blades
  8275 | D:8      | Reached skill level 5 in Maces & Flails
  8275 | D:8      | Reached skill level 5 in Polearms
  8275 | D:8      | Reached skill level 5 in Staves
  8275 | D:8      | Reached skill level 5 in Slings
  8275 | D:8      | Reached skill level 5 in Bows
  8275 | D:8      | Reached skill level 5 in Crossbows
  8275 | D:8      | Reached skill level 5 in Throwing
  8275 | D:8      | Reached skill level 5 in Armour
  8275 | D:8      | Reached skill level 5 in Shields
  8275 | D:8      | Reached skill level 5 in Unarmed Combat
  8275 | D:8      | Reached skill level 5 in Spellcasting
  8763 | D:8      | Reached skill level 10 in Fighting
 10638 | D:8      | Found an iron altar of Okawaru.
 10776 | D:8      | Reached ***** piety under Trog
 11148 | D:9      | Reached XP level 11. HP: 72/91 MP: 19/19
 11339 | D:9      | Found Ishaf's Antique Armour Shop.
 11837 | D:10     | Entered Level 10 of the Dungeon
 12335 | D:10     | Reached skill level 5 in Conjurations
 12335 | D:10     | Reached skill level 5 in Hexes
 12335 | D:10     | Reached skill level 5 in Summonings
 12335 | D:10     | Reached skill level 5 in Necromancy
 12335 | D:10     | Reached skill level 5 in Translocations
 12335 | D:10     | Reached skill level 5 in Transmutations
 12335 | D:10     | Reached skill level 5 in Fire Magic
 12335 | D:10     | Reached skill level 5 in Ice Magic
 12335 | D:10     | Reached skill level 5 in Air Magic
 12335 | D:10     | Reached skill level 5 in Earth Magic
 12335 | D:10     | Reached skill level 5 in Poison Magic
 12513 | D:10     | Noticed Erica
 12542 | D:10     | Killed Erica
 12774 | D:10     | Received a gift from Trog
 13002 | D:10     | Noticed a wizard
 13013 | D:10     | Killed a wizard
 13018 | D:10     | Noticed a large abomination
 13026 | D:10     | Killed a large abomination
 13040 | D:10     | Noticed a large abomination
 13065 | D:10     | Killed a large abomination
 13286 | D:10     | Got an ancient morningstar
 13288 | D:10     | Identified the +4 morningstar "Foneuxej" {flame, +Inv MP+9
                  | Str+7 Int-4} (You found it on level 10 of the Dungeon)
 13659 | D:11     | Noticed a two-headed ogre
 13747 | D:10     | Killed a two-headed ogre
 13922 | D:11     | Noticed a death yak
 14052 | D:9      | Killed a death yak
 14161 | D:11     | Found a staircase to the Orcish Mines.
 14186 | D:11     | Noticed a cyclops
 14208 | D:11     | Reached XP level 12. HP: 99/99 MP: 22/22
 14248 | D:11     | Noticed a death yak
 14250 | D:11     | Noticed a death yak
 14419 | D:10     | Killed a death yak
 14561 | D:11     | Noticed a death yak
 14562 | D:11     | Noticed a death yak
 14590 | D:10     | Killed a death yak
 14755 | D:11     | Found a staircase to the Lair.
 14775 | Lair:1   | Entered Level 1 of the Lair of Beasts
 17237 | Lair:3   | You fall into a shaft and drop 2 floors!
 18036 | Lair:5   | Reached XP level 13. HP: 91/106 MP: 24/24
 18828 | Lair:3   | You fall into a shaft and drop 1 floor!
 18957 | Lair:4   | Found the +8 whip "Snakebite" {curare, rPois}
 19304 | Lair:4   | Received a gift from Trog
 19437 | Lair:4   | Found a hole to the Spider Nest.
 19942 | Lair:4   | Noticed Kirke
 19956 | Lair:4   | Killed Kirke
 21647 | Lair:6   | Entered Level 6 of the Lair of Beasts
 21703 | Lair:6   | Reached XP level 14. HP: 106/114 MP: 26/26
 22732 | Lair:6   | Reached skill level 10 in Stealth
 23199 | Lair:6   | Reached skill level 10 in Invocations
 23914 | Lair:6   | Received a gift from Trog
 23924 | Lair:6   | Got a fine lajatang {god gift}
 23942 | Lair:6   | Identified the +4 lajatang "Citiakoi" {flame, *Contam Int+6
                  | Dex+4 Stlth+} (Trog gifted it to you on level 6 of the Lair
                  | of Beasts)
 23951 | Lair:6   | Gained mutation: You are strong-willed. (Will+) [mutagenic
                  | glow]
 24012 | Lair:6   | Reached ****** piety under Trog
 24561 | Lair:6   | Paralysed by a hornet for 3 turns
 26048 | Lair:6   | Reached skill level 10 in Long Blades
 26048 | Lair:6   | Reached skill level 10 in Axes
 26048 | Lair:6   | Reached skill level 10 in Dodging
 26048 | Lair:6   | Reached skill level 10 in Evocations
 26457 | Lair:3   | Found a staircase to the Shoals.
 26558 | Lair:3   | Reached XP level 15. HP: 122/122 MP: 28/28
 26861 | Lair:3   | Received a gift from Trog
 28479 | D:12     | Noticed Fannar
 28495 | D:12     | Killed Fannar
 28565 | D:12     | Reached skill level 10 in Short Blades
 28565 | D:12     | Reached skill level 10 in Maces & Flails
 28565 | D:12     | Reached skill level 10 in Polearms
 28565 | D:12     | Reached skill level 10 in Staves
 28565 | D:12     | Reached skill level 10 in Slings
 28565 | D:12     | Reached skill level 10 in Bows
 28565 | D:12     | Reached skill level 10 in Crossbows
 28565 | D:12     | Reached skill level 10 in Throwing
 28565 | D:12     | Reached skill level 10 in Armour
 28565 | D:12     | Reached skill level 10 in Shields
 28565 | D:12     | Reached skill level 10 in Unarmed Combat
 28565 | D:12     | Reached skill level 10 in Spellcasting
 28876 | D:12     | Received a gift from Trog
 29144 | D:12     | Got a pair of heavily runed boots
 29155 | D:12     | Identified the cursed +0 pair of boots of Bamouvu {rN+
                  | Dex+4} (You found it on level 12 of the Dungeon)
 29604 | Orc:1    | Entered Level 1 of the Orcish Mines
 29616 | Orc:1    | Found a dark tunnel.
 29702 | Volcano  | Entered a volcano
 30107 | Volcano  | Found a burning altar of Makhleb.
 31081 | Orc:2    | Entered Level 2 of the Orcish Mines
 31233 | Orc:2    | Found Garopt's Assorted Antiques.
 31404 | Orc:2    | Noticed Donald
 31436 | Orc:1    | Killed Donald
 31589 | Orc:2    | Noticed Urug
 31652 | Orc:1    | Killed Urug
 31802 | Orc:2    | Bought a scroll labelled KUYTREANLU for 38 gold pieces
 31966 | Orc:2    | Received a gift from Trog
 33769 | Orc:2    | Found a roughly hewn altar of Beogh.
 33817 | Orc:2    | Found a staircase to the Elven Halls.
 34128 | Orc:2    | Found Kiewk's Distillery.
 34133 | Orc:2    | Found Inlad's Gadget Shop.
 34137 | Orc:2    | Bought a potion of heal wounds for 65 gold pieces
 34137 | Orc:2    | Bought a potion of heal wounds for 65 gold pieces
 34140 | Orc:2    | Found Tuoralai's Book Shop.
 34142 | Orc:2    | Found Dadoegy's Gadget Shoppe.
 34176 | Orc:2    | Bought a wand of paralysis (11) for 182 gold pieces
 34176 | Orc:2    | Bought a wand of enslavement (9) for 154 gold pieces
 34433 | D:13     | Noticed Cykl0x's ghost (journeyman MiFi)
 34594 | D:13     | Received a gift from Trog
 34670 | D:13     | Reached XP level 16. HP: 112/130 MP: 30/30
 34737 | D:13     | Noticed Erolcha
 34757 | D:13     | Killed Erolcha
 35270 | D:13     | Found a runed translucent gate.
 35270 | D:13     | Found a runed translucent gate.
 35270 | D:13     | Found a runed translucent gate.
 36699 | D:9      | Got an encrusted chain mail
 36829 | D:10     | Identified the +8 chain mail "Omaoca" {Dex+8 SInv} (You
                  | found it on level 9 of the Dungeon)
 38283 | D:14     | Found a radiant altar of Vehumet.
 38291 | D:14     | Got a fine helmet
 38633 | D:14     | Identified the +2 helmet of Cooschojo {rF++} (You found it
                  | on level 14 of the Dungeon)
 39348 | D:14     | Found a gate to the Vaults.
 39380 | D:14     | Received a gift from Trog
 39614 | D:15     | Entered Level 15 of the Dungeon
 40146 | D:15     | Got a heavily runed scale mail
 40156 | D:15     | Identified the +1 scale mail of Amorality {rElec} (You
                  | found it on level 15 of the Dungeon)
 40566 | D:15     | Found a staircase to the Depths.
 41664 | D:15     | Gained mutation: You tend to lose your temper in combat. [a
                  | shining eye]
 41769 | D:15     | Reached XP level 17. HP: 121/137 MP: 32/32
 42128 | Spider:1 | Entered Level 1 of the Spider Nest
 44757 | Spider:2 | Received a gift from Trog
 45421 | Spider:2 | Found the cursed +13 scythe of Curses {drain, *Curse}
 45982 | Spider:3 | Noticed Arachne
 45996 | Spider:3 | Killed Arachne
 46101 | Spider:3 | Found a runed translucent gate.
 46101 | Spider:3 | Found a runed translucent gate.
 46101 | Spider:3 | Found a runed translucent gate.
 46523 | Spider:3 | Noticed Detar's ghost (adept HOFi)
 46830 | Spider:3 | Reached skill level 10 in Conjurations
 46830 | Spider:3 | Reached skill level 10 in Hexes
 46830 | Spider:3 | Reached skill level 10 in Summonings
 46830 | Spider:3 | Reached skill level 10 in Necromancy
 46830 | Spider:3 | Reached skill level 10 in Translocations
 46830 | Spider:3 | Reached skill level 10 in Transmutations
 46830 | Spider:3 | Reached skill level 10 in Fire Magic
 46830 | Spider:3 | Reached skill level 10 in Ice Magic
 46830 | Spider:3 | Reached skill level 10 in Air Magic
 46830 | Spider:3 | Reached skill level 10 in Earth Magic
 46830 | Spider:3 | Reached skill level 10 in Poison Magic
 47163 | Spider:4 | Entered Level 4 of the Spider Nest
 47335 | Shoals:1 | Entered Level 1 of the Shoals
 48997 | Shoals:1 | You fall into a shaft and drop 1 floor!
 49038 | Shoals:2 | Received a gift from Trog
 49849 | Shoals:2 | Noticed Aizul
 49870 | Shoals:2 | Reached XP level 18. HP: 146/146 MP: 33/33
 49961 | Shoals:2 | Killed Aizul
 51289 | Shoals:2 | Received a gift from Trog
 53318 | Shoals:3 | Received a gift from Trog
 53530 | Shoals:3 | Found a runed translucent door.
 53548 | Shoals:3 | Noticed Ididwo's ghost (adept DsWn)
 53779 | Shoals:4 | Entered Level 4 of the Shoals
 53943 | Shoals:4 | Noticed Ilsuiw
 54396 | Shoals:4 | Noticed Louise
 54660 | Shoals:3 | Killed Louise
 54760 | Shoals:4 | Got a glimmering plate armour
 54776 | Shoals:4 | Identified the +7 plate armour of Impermeability {Str+4}
                  | (You found it on level 4 of the Shoals)
 55224 | Shoals:4 | Killed Ilsuiw
 55430 | Shoals:4 | Received a gift from Trog
 55987 | Shoals:4 | Reached XP level 19. HP: 79/153 MP: 35/35
 56773 | Shoals:4 | Got a barnacled rune of Zot
 56911 | Shoals:4 | Identified a scroll of acquirement
 56911 | Shoals:4 | Acquired 1071 gold pieces
 57771 | Spider:4 | Received a gift from Trog
 60022 | Spider:4 | Noticed Asterion
 60047 | Spider:4 | Killed Asterion
 60564 | Spider:4 | Got a gossamer rune of Zot
 60847 | Spider:4 | Received a gift from Trog
 61690 | Elf:1    | Entered Level 1 of the Elven Halls
 61738 | Elf:1    | Found a radiant altar of Vehumet.
 62094 | Elf:1    | Reached skill level 15 in Fighting
 63151 | Elf:1    | Received a gift from Trog
 63573 | Elf:2    | Found Gesipnem's Book Shoppe.
 63682 | Elf:2    | Reached XP level 20. HP: 162/162 MP: 37/37
 64319 | Elf:2    | Found a runed translucent gate.
 64319 | Elf:2    | Found a runed translucent gate.
 64331 | Elf:2    | Found a runed translucent gate.
 65111 | Elf:2    | Received a gift from Trog
 66101 | Elf:3    | Entered Level 3 of the Elven Halls
 66148 | Elf:3    | Found Elausiu's Book Boutique.
 66154 | Elf:3    | Found Xocair's Magic Scroll Shop.
 66166 | Elf:3    | Bought a scroll of acquirement for 780 gold pieces
 66166 | Elf:3    | Bought 2 scrolls of summoning for 285 gold pieces
 66166 | Elf:3    | Acquired a manual of Dodging
 66449 | Elf:3    | Received a gift from Trog
 66539 | Elf:3    | Noticed a Tzitzimitl
 66955 | Elf:3    | Identified the amulet of Xuxeirab {*Slow Regen+ Str+4}
 67179 | Elf:3    | Identified the cursed +0 scythe of the Horn {antimagic,
                  | rPois rN++ Dex-5 SInv}
 67179 | Elf:3    | Identified the +8 hand axe of the Destroying Viper {vorpal,
                  | Str+4}
 67179 | Elf:3    | Identified the ring of Ethroem {rN++ AC+4 Dex-4}
 67712 | Elf:3    | Found a runed translucent gate.
 67713 | Elf:3    | Found a runed translucent gate.
 67715 | Elf:3    | Found a runed translucent gate.
 67715 | Elf:3    | Noticed destino's ghost (adept MfTm)
 67811 | Elf:3    | Found Qemoac's Jewellery Emporium.
 67818 | Elf:3    | Bought an uncursed ring of protection from cold for 375
                  | gold pieces
 67859 | Elf:3    | Killed destino's ghost
 68460 | Elf:3    | Received a gift from Trog
 68922 | Elf:3    | Identified the +10 flail "Aroezutu" {vorpal, +Rage rF+
                  | SInv}
 69209 | Elf:3    | Reached XP level 21. HP: 134/169 MP: 38/38
 69650 | Vaults:1 | Entered Level 1 of the Vaults
 69684 | Vaults:1 | Found Hoas's Antique Armour Shoppe.
 70161 | Vaults:1 | Cast into level 2 of the Abyss (orc warrior)
 70187 | Vaults:1 | Escaped the Abyss
 70496 | Vaults:1 | Noticed Saint Roka
 70507 | Vaults:1 | Received a gift from Trog
 70892 | Vaults:1 | Reached skill level 15 in Invocations
 72604 | Vaults:2 | Received a gift from Trog
 72778 | Vaults:2 | Found Jorr's Jewellery Boutique.
 72924 | Vaults:2 | Reached skill level 15 in Dodging
 73706 | Vaults:3 | Noticed Frederick
 73938 | Vaults:3 | Noticed Boris
 73965 | Vaults:3 | Killed Boris
 74341 | Vaults:3 | Received a gift from Trog
 74791 | Vaults:3 | Reached XP level 22. HP: 150/178 MP: 40/40
 75686 | Vaults:3 | Received a gift from Trog
 75853 | Vaults:3 | Found Qegin's Antique Armour Shop.
 76085 | Vaults:3 | Bought a shiny helmet for 345 gold pieces
 76085 | Vaults:3 | Bought a pair of glowing boots for 345 gold pieces
 76588 | Vaults:3 | Found a staircase to the Crypt.
 76778 | Vaults:3 | Reached skill level 15 in Stealth
 76784 | Vaults:3 | Received a gift from Trog
 77047 | Vaults:3 | Killed Frederick
 77529 | Crypt:1  | Entered Level 1 of the Crypt
 79097 | Crypt:2  | Noticed Sojobo
 79511 | Crypt:2  | Noticed Boris
 79528 | Crypt:2  | Killed Boris
 80094 | Crypt:1  | Received a gift from Trog
 80300 | Crypt:2  | Reached skill level 15 in Long Blades
 80300 | Crypt:2  | Reached skill level 15 in Axes
 80300 | Crypt:2  | Reached skill level 15 in Evocations
 80881 | Crypt:2  | Found a shimmering altar of Xom.
 81451 | Crypt:2  | Killed Sojobo
 81527 | Crypt:2  | Reached XP level 23. HP: 167/185 MP: 41/41
 81825 | Crypt:2  | Found a basalt altar of Yredelemnul.
 82211 | Crypt:3  | Entered Level 3 of the Crypt
 82569 | Crypt:3  | Reached skill level 15 in Short Blades
 82569 | Crypt:3  | Reached skill level 15 in Maces & Flails
 82569 | Crypt:3  | Reached skill level 15 in Polearms
 82569 | Crypt:3  | Reached skill level 15 in Staves
 82569 | Crypt:3  | Reached skill level 15 in Slings
 82569 | Crypt:3  | Reached skill level 15 in Bows
 82569 | Crypt:3  | Reached skill level 15 in Crossbows
 82569 | Crypt:3  | Reached skill level 15 in Throwing
 82569 | Crypt:3  | Reached skill level 15 in Armour
 82569 | Crypt:3  | Reached skill level 15 in Shields
 82569 | Crypt:3  | Reached skill level 15 in Unarmed Combat
 82569 | Crypt:3  | Reached skill level 15 in Spellcasting
 82738 | Crypt:3  | Received a gift from Trog
 82859 | Crypt:3  | Got a vibrating wooden ring
 82859 | Crypt:3  | Identified the ring of Suicidal Tendencies {rPois rC+ Str+4
                  | Dex+5 Stlth+} (You found it on level 3 of the Crypt)
 83315 | Crypt:3  | Found an ancient bone altar of Kikubaaqudgha.
 83429 | Crypt:3  | Noticed an ancient lich
 83439 | Crypt:3  | Killed an ancient lich
 83952 | Crypt:3  | Got a steaming platinum ring
 83954 | Crypt:3  | Identified the ring "Fesifuobb" {rN+ Int+4} (You found it
                  | on level 3 of the Crypt)
 83957 | Crypt:3  | Got a brightly glowing granite ring
 83957 | Crypt:3  | Identified the ring of Yforr {+Blink rElec rC+++ rN+ Str-5}
                  | (You found it on level 3 of the Crypt)
 84400 | Crypt:3  | Found a staircase to the Tomb.
 84451 | Crypt:3  | Received a gift from Trog
 84601 | Crypt:3  | Got a transparent ruby amulet
 85024 | Crypt:1  | Identified the amulet "Feas" {RegenMP Str+5 Dex-3} (You
                  | found it on level 3 of the Crypt)
 85438 | Lair:6   | Found a staircase to the Slime Pits.
 85527 | Slime:1  | Entered Level 1 of the Pits of Slime
 86571 | Slime:2  | Gained mutation: Your magical capacity is low. (-10% MP) [a
                  | shining eye]
 86571 | Slime:2  | Paralysed by a floating eye for 3 turns
 87137 | Slime:1  | Received a gift from Trog
 87340 | Slime:4  | Gained mutation: Armour fits poorly on your strangely
                  | shaped body. [a shining eye]
 87359 | Slime:4  | Gained mutation: Scrolls take you a little longer to read.
                  | [a shining eye]
 87360 | Slime:4  | Gained mutation: Your magical capacity is very low. (-20%
                  | MP) [a shining eye]
 87363 | Slime:4  | Gained mutation: You expend magic power (3 MP) to
                  | strengthen your wands. [a shining eye]
 87797 | Slime:5  | Entered Level 5 of the Pits of Slime
 88005 | Slime:5  | Gained mutation: You are frail. (-10% HP) [a shining eye]
 88009 | Slime:5  | Lost mutation: Your magical capacity is very low. (-20% MP)
                  | [a shining eye]
 88017 | Slime:5  | Lost mutation: Scrolls take you a little longer to read.
                  | [potion of mutation]
 88017 | Slime:5  | Lost mutation: Armour fits poorly on your strangely shaped
                  | body. [potion of mutation]
 88017 | Slime:5  | Gained mutation: Your mind is acute. (Int +2) [potion of
                  | mutation]
 88017 | Slime:5  | Gained mutation: You have large cloven feet. [potion of
                  | mutation]
 88018 | Slime:5  | Lost mutation: You tend to lose your temper in combat.
                  | [potion of mutation]
 88018 | Slime:5  | Lost mutation: You have large cloven feet. [potion of
                  | mutation]
 88018 | Slime:5  | Lost mutation: You are frail. (-10% HP) [potion of
                  | mutation]
 88018 | Slime:5  | Gained mutation: You are robust. (+10% HP) [potion of
                  | mutation]
 88018 | Slime:5  | Gained mutation: You have large cloven feet. [potion of
                  | mutation]
 88018 | Slime:5  | Gained mutation: You have hoof-like feet. [potion of
                  | mutation]
 88018 | Slime:5  | Gained mutation: You possess an exceptional clarity of
                  | mind. [potion of mutation]
 88523 | Slime:5  | Noticed the Royal Jelly
 88537 | Slime:5  | Killed the Royal Jelly
 88545 | Slime:5  | Found the ring of the Hare {EV+8}
 88546 | Slime:5  | Lost mutation: You are robust. (+10% HP) [a shining eye]
 88561 | Slime:5  | Slain by an acid blob

Illustrated notes

Levels and vault maps discovered:
D:1:      matt_arrival_refuge, layout_basic, minmay_misc_feat_columns
D:2:      layout_basic, gammafunk_temple_overflow_statue
D:3:      layout_basic, zin_purify, ashenzari_altar_1, hangedman_decor_push,
          uniq_sigmund, uniq_robin
D:4:      layout_basic
D:5:      layout_cave_pools, makhleb_blood_cavern_becter,
          minmay_misc_feat_alley, chequers_arboretum, minmay_quadrilaterals,
          uniq_pikel
D:6:      layout_basic, overflow_temple_1_default,
          nicolae_overflow_crystal_walls, minmay_temple_entry_mist,
          enter_ossuary_4, grunt_gozag_statues, uniq_edmund
D:7:      layout_cave_pools, lemuel_crystal_altar,
          nicolae_ru_great_annihilating_truth, uniq_maggie
D:8:      layout_cave_pools, serial_ice, serial_ice_j, serial_ice_e,
          serial_ice_c, serial_ice_g, serial_ice_d, serial_ice_n, serial_ice_o,
          serial_ice_m, serial_ice_h, serial_ice_b, serial_shops, shop,
          okawaru_gym_becter
D:9:      lemuel_flame_loot_2, layout_cave_pools, serial_shops, shop,
          hangedman_abyss_or_decor_stabs, eino_jars
D:10:     layout_rooms, hex_large, laboratory, uniq_erica
D:11:     layout_cross, dpeg_lair_monsters, david_orc_2
D:12:     nrook_guardian_serpent_snake_passage, layout_rooms, minivault_27,
          uniq_fannar
D:13:     layout_roguey, maelrawn_ghost_gauntlet_escape,
          kennysheep_decorative_pillar, kennysheep_nondescript, minivault_27,
          uniq_erolcha
D:14:     layout_stronghold, erik_vaults_2, old_standard_altar,
          kennysheep_generic_room_6
D:15:     grunt_enter_depths_hoard, layout_rooms, nicolae_sextant,
          kennysheep_inner_square
Lair:1:   layout_cave_pods, grunt_megastairs_1
Lair:2:   layout_cave_pods, chequers_serial_rivers_small_b
Lair:3:   layout_cellular_growth, elwin_shoals_entry_rocks, grunt_megastairs_2
Lair:4:   minmay_guarded_unrand_snakebite, layout_cellular_growth,
          nicolae_spider_entry_tight_spaces, serial_forest,
          infiniplex_forest_clump_double, infiniplex_forest_clump_long,
          infiniplex_forest_straight_4, infiniplex_forest_end_1,
          infiniplex_forest_end_2, infiniplex_forest_clump_diagonal,
          infiniplex_forest_lined_3_way, infiniplex_forest_corner_1, uniq_kirke
Lair:5:   layout_layer_cave
Lair:6:   hangedman_lair_in_review, layout_concentric_octagons,
          hangedman_lair_caniforms_friends, minmay_slime_entry_oklob_enclosed
Shoals:1: layout_shoals, abandoned_shop, centaur_isle
Shoals:2: layout_shoals, uniq_aizul
Shoals:3: layout_shoals, ebering_ghost_reflecting_pool, nicolae_shoals_so_close
Shoals:4: shoals_end_simple, layout_shoals, shoals_ilsuiw_alternative,
          uniq_louise
Spider:1: layout_spider_delve, hangedman_spider_tarantella_strand
Spider:2: layout_spider_delve
Spider:3: layout_spider_delve, gammafunk_ghost_necromancy, uniq_arachne
Spider:4: johnstein_spider_rune_arachne_lair, uniq_asterion
Slime:1:  layout_caves
Slime:2:  layout_caves
Slime:3:  layout_caves
Slime:4:  nicolae_slime_jelly_donut, layout_caves
Slime:5
Orc:1:    layout_caves, nicolae_volcano_entry_lava_flow, mines3_lemuel
Orc:2:    st_orc_elflike, layout_caves, serial_shops, shop_statue,
          minmay_orc_temple_a, uniq_donald, uniq_urug
Elf:1:    eino_elf_arrival_altar, layout_loops_ring, hangedman_elf_represent
Elf:2:    layout_geoelf_octagon, serial_shops, shop
Elf:3:    minmay_elf_hall_x, layout_gridlike, ebering_ghost_rock_garden,
          serial_shops, nicolae_shop_competitors_out_of_business,
          minmay_shoptagon
Vaults:1: nicolae_vaults_mini_display_case, vaults_mumra_minichess,
          hangedman_vaults_locks, vaults_standard_mumra_lines, v_rooms_6,
          ontoclasm_vaults_ring_large, grunt_vaults_funnel, vaults_dpeg_ring,
          ontoclasm_vaults_fault, layout_vaults_chaotic_city, serial_shops,
          shop, uniq_saint_roka
Vaults:2: nicolae_vaults_network_square, hangedman_vaults_stretched_pinwheel,
          v_misc_9, vaults_dpeg_doors, ontoclasm_vaults_ring_large,
          dpeg_vaults_monster_box, ontoclasm_vaults_gateway, v_misc_27,
          v_misc_17, hangedman_vaults_nails, nicolae_vaults_rhombus_7, v_misc_5,
          layout_vaults_maze_snakey, serial_shops, shop, uniq_margery
Vaults:3: minmay_crypt_entry_simple_round, vaults_room_boxed,
          nicolae_vaults_circle_grid_b, nicolae_vaults_network_barrier,
          st_lattice, v_misc_10, v_misc_10, hangedman_vaults_restitches,
          v_pattern_1, v_misc_24, layout_vaults_omnigrid, serial_shops, shop,
          uniq_boris, uniq_frederick
Crypt:1:  layout_misc_corridors, tombwall_bobbens
Crypt:2:  due_chaos_kobolds, layout_gridlike, hangedman_blasphemy, uniq_sojobo
Crypt:3:  quadcrypt_mu

Skill      XL: |  1  2  3  4  5  6  7  8  9 10 11 12 13 14 15 16 17 18 19 20 21 22 23 |
---------------+----------------------------------------------------------------------+-----
Invocations    | 1 2 3 4 5 6 7 8 9 10 11 12 13 14 15 16 | 16.6
Short Blades   | 1 2 3 4 5 6 7 8 9 10 11 12 13 14 15 | 15.4
Maces & Flails | 1 2 3 4 5 6 7 8 9 10 11 12 13 14 15 | 15.4
Polearms       | 1 2 3 4 5 6 7 8 9 10 11 12 13 14 15 | 15.4
Staves         | 1 2 3 4 5 6 7 8 9 10 11 12 13 14 15 | 15.4
Slings         | 1 2 3 4 5 6 7 8 9 10 11 12 13 14 15 | 15.4
Bows           | 1 2 3 4 5 6 7 8 9 10 11 12 13 14 15 | 15.4
Crossbows      | 1 2 3 4 5 6 7 8 9 10 11 12 13 14 15 | 15.4
Throwing       | 1 2 3 4 5 6 7 8 9 10 11 12 13 14 15 | 15.4
Armour         | 1 2 3 4 5 6 7 8 9 10 11 12 13 14 15 | 15.4
Shields        | 1 2 3 4 5 6 7 8 9 10 11 12 13 14 15 | 15.4
Unarmed Combat | 1 2 3 4 5 6 7 8 9 10 11 12 13 14 15 | 15.4
Spellcasting   | 1 2 3 4 5 6 7 8 9 10 11 12 13 14 15 | 15.4
Conjurations   | 1 2 3 4 5 6 7 8 9 10 11 12 13 | 13.3
Hexes          | 1 2 3 4 5 6 7 8 9 10 11 12 13 | 13.3
Summonings     | 1 2 3 4 5 6 7 8 9 10 11 12 13 | 13.3
Necromancy     | 1 2 3 4 5 6 7 8 9 10 11 12 13 | 13.3
Translocations | 1 2 3 4 5 6 7 8 9 10 11 12 13 | 13.3
Transmutations | 1 2 3 4 5 6 7 8 9 10 11 12 13 | 13.3
Fire Magic     | 1 2 3 4 5 6 7 8 9 10 11 12 13 | 13.3
Ice Magic      | 1 2 3 4 5 6 7 8 9 10 11 12 13 | 13.3
Air Magic      | 1 2 3 4 5 6 7 8 9 10 11 12 13 | 13.3
Earth Magic    | 1 2 3 4 5 6 7 8 9 10 11 12 13 | 13.3
Poison Magic   | 1 2 3 4 5 6 7 8 9 10 11 12 13 | 13.3
Long Blades    | 3 4 5 6 7 8 9 10 11 12 13 14 15 | 15.6
Axes           | 3 4 5 6 7 8 9 10 11 12 13 14 15 | 15.6
Dodging        | 3 4 5 6 7 8 9 10 11 12 13 14 15 16 17 | 17.3
Evocations     | 3 4 5 6 7 8 9 10 11 12 13 14 15 | 15.6
Fighting       | 9 10 11 12 13 14 15 16 17 | 17.1
Stealth        | 5 6 7 8 9 10 11 12 13 14 15 | 15.9

Action                   |  1- 3 |  4- 6 |  7- 9 | 10-12 | 13-15 | 16-18 | 19-21 | 22-24 || total
-------------------------+-------+-------+-------+-------+-------+-------+-------+-------++-------
Melee: Falchion          |    49 |    41 |       |       |       |       |       |       ||    90
       Bite              |     5 |    13 |    74 |   131 |   381 |   671 |   471 |   389 ||  2135
       Morningstar       |       |    72 |   133 |   282 |   122 |       |       |       ||   609
       Whip              |       |       |   373 |   491 |   814 |  1039 |   107 |       ||  2824
       Demon whip        |       |       |       |       |   997 |  1496 |  1281 |       ||  3774
       Broad axe         |       |       |       |       |       |       |   660 |  1592 ||  2252
 Fire: Hunting sling     |    15 |    69 |    60 |   304 |   280 |       |       |       ||   728
Throw: Stone             |    23 |     5 |    13 |    27 |    94 |   190 |    35 |       ||   387
       Dart              |       |       |       |       |       |     7 |       |       ||     7
       Javelin           |       |       |       |       |       |       |   244 |   148 ||   392
Invok: Berserk           |       |       |     1 |     3 |     1 |       |       |     2 ||     7
       Trog's Hand       |       |       |     1 |     4 |     5 |    15 |     4 |     6 ||    35
       Brothers in Arms  |       |       |       |     4 |     3 |    10 |    10 |    13 ||    40
Evoke: Wand              |       |       |       |       |       |       |     3 |     2 ||     5
       Phial of floods   |       |       |       |       |       |       |       |     1 ||     1
       Tin of tremorston |       |       |       |       |       |       |       |     1 ||     1
  Use: Scroll            |       |     5 |    14 |    10 |    18 |     7 |     9 |    13 ||    76
       Potion            |       |     1 |       |       |       |     3 |     2 |     4 ||    10
 Stab: Sleeping          |     2 |       |       |       |     5 |    11 |     8 |    29 ||    55
       Invisible         |       |       |     1 |       |       |       |       |       ||     1
       Distracted        |       |       |       |       |     2 |     6 |     6 |     3 ||    17
       Held in net/web   |       |       |       |       |       |       |     1 |       ||     1
       Petrifying        |       |       |       |       |       |       |       |     2 ||     2
       Paralysed         |       |       |       |       |       |       |       |     1 ||     1
Armor: Robe              |     2 |       |       |       |       |       |       |       ||     2
       Scale mail        |     9 |    35 |       |       |       |       |       |       ||    44
       Chain mail        |       |    10 |   131 |   403 |   570 |   554 |   461 |   646 ||  2775
       Skin              |       |     7 |     1 |       |       |       |       |       ||     8
       Plate armour      |       |       |    80 |       |       |       |       |       ||    80
Dodge: Dodged            |    23 |    44 |   197 |   442 |   681 |   818 |   660 |   766 ||  3631
Block: Buckler           |     6 |    35 |   119 |   273 |   376 |       |       |       ||   809
       Kite shield       |       |       |       |       |   115 |  1226 |   987 |  1279 ||  3607
       Rpst.: Falchion   |     9 |     6 |       |       |       |       |       |       ||    15
